 Dungeon Crawl Stone Soup version 0.30-a0-458-g86641cc369 (webtiles) character file.

Game seed: 3646314862002536063

21 p00ps00p the Trooper (level 2, -10/27 HPs)
             Began as a Hill Orc Fighter on Dec 14, 2022.
             Killed by an exploding quokka (37 damage)
             ... ignited by their inner flame
             ... on level 1 of the Dungeon.
             The game lasted 00:00:41 (231 turns).

p00ps00p the Trooper (Hill Orc Fighter)              Turns: 231, Time: 00:00:42

Health: -10/27     AC:  8    Str: 18    XL:     2   Next: 87%
Magic:  2/2        EV:  9    Int:  8    God:
Gold:   102        SH:  4    Dex: 10    Spells: 1/1 levels left

rFire   . . .      SeeInvis .    a - +0 war axe
rCold   . . .      Faith    .    c - +0 buckler
rNeg    . . .      Spirit   .    b - +0 scale mail
rPois   .          Reflect  .    (no helmet)
rElec   .          Harm     .    (no cloak)
rCorr   .          Rampage  .    f - +0 pair of gloves
Will    .....                    (no boots)
Stlth   ..........               (no amulet)
HPRegen 0.24/turn                (no ring)
MPRegen 0.08/turn                (no ring)

@: about to teleport
A: no striking features
a: no special abilities


You were on level 1 of the Dungeon.
You visited 1 branch of the dungeon, and saw 1 of its levels.

You collected 102 gold pieces.

Inventory:

Hand Weapons
 a - a +0 war axe (weapon)
Armour
 b - a +0 scale mail (worn)
 c - a +0 buckler (worn)
 f - a +0 pair of gloves (worn)
Scrolls
 e - a scroll of teleportation
Potions
 d - a potion of might
 g - a potion of flight {unknown}
 h - a potion of degeneration {unknown}
 i - 2 potions of heal wounds {unknown}


   Skills:
 + Level 4.0 Fighting
 + Level 3.2 Axes
 + Level 3.6 Armour
 + Level 3.6 Shields


You had one spell level left.
You didn't know any spells.
Your spell library was empty.

Dungeon Overview and Level Annotations

Branches:
Dungeon (1/15)

Altars:


Message History

The dart slug launches a dart at you. The slug dart hits you.
Unknown command.
You slash the dart slug!
You kill the dart slug!
A nearby toadstool withers and dies.
Your Fighting skill increases to level 4!
Unknown command.
No target in view!
No target in view!
Unknown command.
No target in view!
You now have 37 gold pieces (gained 4).
You see here a dart slug corpse.
You now have 50 gold pieces (gained 13).
You hit the fungus.
The fungus begins to die.
The fungus is lightly damaged.
You slash the fungus!
The fungus begins to die.
You now have 67 gold pieces (gained 17).
A nearby fungus withers and dies.
A nearby fungus withers and dies.
You now have 79 gold pieces (gained 12).
You now have 94 gold pieces (gained 15).
You now have 102 gold pieces (gained 8).
A quokka comes into view.
The quokka moves out of view.
You see here 2 scrolls labelled BUOLUG TIMNUC.
As you read the scroll labelled BUOLUG TIMNUC, it crumbles to dust.
You feel strangely unstable.
It was a scroll of teleportation.
As you read the scroll labelled WYAPTI CULEXAIWOGH, it crumbles to dust.
The creatures around you are filled with an inner flame!
It was a scroll of immolation.
e - a scroll of teleportation You hit the quokka.
Flame seeps out of the quokka.
The quokka is lightly wounded.
The quokka is engulfed in blazing flames.
The quokka explodes!
The fiery explosion engulfs you!!!
Ouch! That really hurt!
You die...

#.........#
.....
+.........# ..
......
#.........# ....
......
#.........+.....
......
#)......††#.....
......
#....P..........
#.....P.........
#.....§.§.#.....
#.....@○§.#.....
########### ....
.!.. ###


There were no monsters in sight!

Vanquished Creatures
  2 dart slugs (D:1)
  3 ball pythons (D:1)
  4 endoplasms (D:1)
  2 hobgoblins (D:1)
  3 quokkas (D:1)
  2 kobolds (D:1)
  A rat (D:1)
  A toadstool (D:1)
18 creatures vanquished.

Vanquished Creatures (others)
  10 fungi (D:1)
  3 toadstools (D:1)
13 creatures vanquished.

Grand Total: 31 creatures vanquished

Notes
Turn   | Place    | Note
-------+----------+-------------------------------------------
     0 | D:1      | p00ps00p the Hill Orc Fighter began the quest for the Orb.
     0 | D:1      | Reached XP level 1. HP: 19/19 MP: 1/1
    78 | D:1      | Reached XP level 2. HP: 19/27 MP: 2/2
   210 | D:1      | Reached skill level 4 in Fighting
   231 | D:1      | Killed by an exploding quokka... ignited by their inner
                  | flame

Illustrated notes

Levels and vault maps discovered:
D:1:      sevenhm_arrival_forest_fort_large_4, layout_basic,
          ebering_ecumenical_altar_rust, minmay_gold_behind_fungi

Skill      XL: |  1  2 |
---------------+-------+-----
Axes           | 3 |  3.2
Fighting       | 4 |  4.0
Armour         | |  3.6
Shields        | |  3.6

Action                   || total
-------------------------++-------
Melee: War axe           ||    40
  Use: Scroll            ||     2
Armor: Scale mail        ||    17
Dodge: Dodged            ||    13
Block: Buckler           ||     5

Table legend: (Time is in decaauts)
 A = Elapsed time spent in this place.
 B = Non-inter-level travel time spent in this place.
 C = Inter-level travel time spent in this place.
 D = Time resting spent in this place.
 E = Time spent auto-exploring this place.
 F = Levels seen in this place.
 G = Mean time per level.
                   A        B        C        D        E       F      G
               +--------+--------+--------+--------+--------+-----+--------+
         Total |    246 |    246 |      0 |      0 |    108 |   1 |  246.0 |
       Dungeon |    246 |    246 |      0 |      0 |    108 |   1 |  246.0 |
               +--------+--------+--------+--------+--------+-----+--------+

Top non-repeatable levels by time:
     D:1: 246 daAuts
